 Dungeon Crawl Stone Soup version 0.30-a0-779-g7971cf19c3 (webtiles) character file.

Game seed: 7093097782304573280

927 Beavis the Sneak (level 7, -3/55 HPs)
             Began as a Demonspawn Hunter on Feb 17, 2023.
             Slain by Dowan
             ... wielding a +1 dagger of speed
              (5 damage)
             ... on level 6 of the Dungeon.
             The game lasted 00:04:15 (4658 turns).

Beavis the Sneak (Demonspawn Hunter)                Turns: 4658, Time: 00:04:15

Health: -3/55      AC:  8    Str: 12    XL:     7   Next: 85%
Magic:  0/7        EV: 18    Int: 12    God:
Gold:   297        SH:  0    Dex: 16    Spells: 6/6 levels left

rFire   . . .      SeeInvis .    r - +10 rapier of Wyrd {heavy, *Slow rN++}
rCold   . . .      Faith    .    (no shield)
rNeg    + + .      Spirit   +    c - +0 leather armour
rPois   .          Reflect  .    o - +0 helmet
rElec   .          Harm     .    y - +2 cloak
rCorr   .          Rampage  .    (no gloves)
Will    .....                    s - +0 pair of boots
Stlth   +++                      u - amulet of guardian spirit
HPRegen 0.29/turn                B - +5 ring of evasion
MPRegen 0.10/turn                (no ring)

@: studying Stealth
A: weakness stinger 2
a: no special abilities


You were on level 6 of the Dungeon.
You visited 1 branch of the dungeon, and saw 6 of its levels.

You collected 297 gold pieces.

Inventory:

Hand Weapons
 a - a +0 shortbow
 r - the +10 rapier of Wyrd (weapon) {heavy, *Slow rN++}
   (You found it on level 2 of the Dungeon)

   rN:        It greatly protects you from negative energy.
   *Slow:     It may slow you when you take damage.
Missiles
 v - a throwing net (quivered)
Armour
 c - a +0 leather armour (worn)
 o - a +0 helmet (worn)
 s - a +0 pair of boots (worn)
 y - a +2 cloak (worn)
Jewellery
 j - a ring of fire
 u - an amulet of guardian spirit (around neck)
 B - a +5 ring of evasion (left hand)
Scrolls
 b - 2 scrolls of immolation
 e - 4 scrolls of teleportation {unknown}
 f - 7 scrolls of identify {unknown}
 i - a scroll of enchant weapon {unknown}
 l - a scroll of amnesia {unknown}
 m - a scroll of magic mapping {unknown}
 n - 3 scrolls of poison {unknown}
 p - a scroll of noise {unknown}
 z - a scroll of torment {unknown}
Potions
 d - 2 potions of might {unknown}
 g - 2 potions of mutation {unknown}
 h - 5 potions of curing
 k - a potion of degeneration {unknown}
 q - a potion of flight {unknown}
 t - a potion of resistance {unknown}
 w - 2 potions of lignification {unknown}
 x - 2 potions of berserk rage {unknown}
 A - a potion of heal wounds {unknown}
 C - a potion of brilliance {unknown}


   Skills:
 + Level 4.7 Fighting
 * Level 4.0 Short Blades
 - Level 4.2 Ranged Weapons
 + Level 4.3 Dodging
 + Level 5.3 Stealth


You had 6 spell levels left.
You didn't know any spells.
Your spell library contained the following spells:

 Spells                   Type           Power      Damage    Failure   Level
 Lesser Beckoning         Tloc           0%         N/A       54%         2
 Gell's Gravitas          Tloc           0%         N/A       77%         3
 Portal Projectile        Hex/Tloc       0%         N/A       77%         3
 Teleport Other           Tloc           0%         N/A       77%         3
 Tukima's Dance           Hex            0%         N/A       77%         3
 Blade Hands              Tmut           0%         N/A       100%        5


Dungeon Overview and Level Annotations

Branches:
Dungeon (6/15)
 Temple: D:4-7

Altars:
Nemelex Xobeh

Annotations:
D:6 Dowan


Innate Abilities, Weirdness & Mutations

You have a tail ending in a sharp stinger.


Message History

Dowan says, "My weaknesses are her strengths!"
Dowan barely misses you.
You closely miss Duvessa.
Your tail-slap misses Duvessa.
Dowan casts a spell.
Dowan blinks!
Duvessa hits you with a +2 short sword of electrocution.
You puncture Duvessa! You tail-slap Duvessa.
Duvessa is moderately wounded.
Dowan points at you and mumbles some strange words.
The puff of flame hits you.
Duvessa says, "My weaknesses are his strengths!"
Duvessa completely misses you.
Dowan mumbles some strange words.
Dowan blinks!
Duvessa misses you.
You puncture Duvessa!
Duvessa is heavily wounded.
Duvessa hits you with a +2 short sword of electrocution.
You are electrocuted!
You puncture Duvessa!
Duvessa is severely wounded.
Duvessa hits you with a +2 short sword of electrocution.
Duvessa hits you with a +2 short sword of electrocution!
You hit Duvessa.
Duvessa is severely wounded.
Dowan casts a spell at you. The puff of flame hits you.
Duvessa hits you with a +2 short sword of electrocution!
* * * LOW HITPOINT WARNING * * *
You are electrocuted!
* * * LOW HITPOINT WARNING * * *
It was a potion of curing.
You feel better.
Duvessa hits you with a +2 short sword of electrocution!
* * * LOW HITPOINT WARNING * * *
You puncture Duvessa!
You kill Duvessa!
Dowan's eyes darken. "You have made a black mistake."
Dowan seems to find hidden reserves of power!
Dowan misses you. x2
Dowan hits you with a +1 dagger of speed.
You die...

##### ######## .....
#......# ## ....
#......# ..
...###......##+###..
#..........#....#.. #
#...............#.. ...
#...............#..
.....#..............##..
.......@###.........##..
.#....)e# #######...##..
#...|..# #........#
#......# #.........
#......# #.........
+......# #........#
###+#### ..######### ...
# .. .


You could see Dowan (fast).

Vanquished Creatures
  Edmund (D:4)
  Menkaure (D:5)
  Duvessa (D:6)
  2 scorpions (D:5)
  3 orc priests
  Crazy Yiuf (D:3)
  A hound (D:5)
  A gnoll bouda (D:4)
  5 iguanas
  An orc wizard (D:4)
  6 gnolls (D:4)
  3 adders
  An ufetubus (D:1)
  2 dart slugs (D:4)
  4 worms
  19 orcs
  5 ball pythons
  5 bats
  5 endoplasms
  8 giant cockroaches
  11 goblins
  7 hobgoblins
  7 jackals
  9 kobolds
  7 quokkas
  8 frilled lizards
  5 rats
129 creatures vanquished.

Notes
Turn   | Place    | Note
-------+----------+-------------------------------------------
     0 | D:1      | Beavis the Demonspawn Hunter began the quest for the Orb.
     0 | D:1      | Reached XP level 1. HP: 16/16 MP: 1/1
   114 | D:1      | Gained mutation: You have a small tail. [demonic ancestry]
   114 | D:1      | Reached XP level 2. HP: 22/22 MP: 2/2
   556 | D:1      | Reached XP level 3. HP: 23/28 MP: 3/3
   929 | D:2      | Reached skill level 1 in Stealth
   929 | D:2      | Reached XP level 4. HP: 34/34 MP: 4/4
   995 | D:2      | Identified the +10 rapier of Wyrd {heavy, *Slow rN++}
  1555 | D:3      | Reached skill level 2 in Stealth
  1702 | D:3      | Found a runed translucent door.
  1703 | D:3      | Noticed Crazy Yiuf
  1738 | D:3      | Reached XP level 5. HP: 33/41 MP: 5/5
  1938 | D:3      | Reached skill level 1 in Short Blades
  1938 | D:3      | Found a sparkling altar of Nemelex Xobeh.
  2024 | D:3      | You fall into a shaft and drop 1 floor!
  2231 | D:3      | Killed Crazy Yiuf
  2232 | D:3      | Reached skill level 3 in Stealth
  2518 | D:4      | Gained mutation: You have a tail ending in a sharp stinger.
                  | [demonic ancestry]
  2518 | D:4      | Reached XP level 6. HP: 46/48 MP: 6/6
  2841 | D:4      | Noticed Edmund
  2853 | D:4      | Killed Edmund
  2854 | D:4      | Reached skill level 4 in Stealth
  3074 | D:4      | Reached XP level 7. HP: 27/54 MP: 4/7
  3581 | D:5      | Entered Level 5 of the Dungeon
  3657 | D:5      | Noticed Menkaure
  3669 | D:5      | Killed Menkaure
  3731 | D:5      | Reached skill level 5 in Stealth
  4645 | D:6      | Noticed Dowan
  4649 | D:6      | Noticed Duvessa
  4656 | D:6      | HP: 2/55 [Duvessa/+2 short sword of electrocution (7)]
  4658 | D:6      | Killed Duvessa
  4658 | D:6      | Slain by Dowan

Illustrated notes

Levels and vault maps discovered:
D:1:      dpeg_arrival_arbitrary_a, layout_basic, minmay_cupped
D:2:      layout_rooms, kennysheep_generic_room_15
D:3:      layout_loops_ring, grunt_temple_overflow_open, minmay_starry_boxes,
          uniq_crazy_yiuf_cottage
D:4:      layout_basic, nicolae_zen_rock_garden, grunt_decor_one_mirror,
          wad_floor_pattern_untrapped, uniq_edmund
D:5:      layout_layer_cave, hangedman_decor_peaks_small, uniq_menkaure
D:6:      layout_basic, enter_ossuary_2, serial_shops, shop, uniq_duvessa

Skill      XL: |  1  2  3  4  5  6  7 |
---------------+----------------------+-----
Dodging        | 2 3 4 |  4.3
Ranged Weapons | 4 |  4.2
Stealth        | 1 2 3 4 5 |  5.3
Fighting       | 3 4 |  4.7
Short Blades   | 1 2 4 |  4.0

Action                     |  1- 3 |  4- 6 |  7- 9 || total
---------------------------+-------+-------+-------++-------
  Melee: Rapier            |       |   103 |    39 ||   142
         Tailslap          |       |     5 |     4 ||     9
         Punch             |       |     2 |       ||     2
   Fire: Shortbow          |   103 |    43 |       ||   146
  Throw: Throwing net      |       |       |     1 ||     1
    Use: Potion            |       |     2 |     1 ||     3
   Stab: Sleeping          |       |     7 |       ||     7
         Invisible         |       |     2 |       ||     2
 Armour: Leather armour    |    39 |    34 |     6 ||    79
  Dodge: Dodged            |    65 |   102 |    34 ||   201

Table legend: (Time is in decaauts)
 A = Elapsed time spent in this place.
 B = Non-inter-level travel time spent in this place.
 C = Inter-level travel time spent in this place.
 D = Time resting spent in this place.
 E = Time spent auto-exploring this place.
 F = Levels seen in this place.
 G = Mean time per level.
                   A        B        C        D        E       F      G
               +--------+--------+--------+--------+--------+-----+--------+
         Total |   4803 |   4666 |    137 |      0 |   3774 |   6 |  800.5 |
       Dungeon |   4803 |   4666 |    137 |      0 |   3774 |   6 |  800.5 |
               +--------+--------+--------+--------+--------+-----+--------+

Top non-repeatable levels by time:
     D:4: 1300 daAuts
     D:5: 1033 daAuts
     D:3: 931 daAuts
     D:1: 902 daAuts
     D:2: 577 daAuts
     D:6: 59 daAuts
